 Dungeon Crawl Stone Soup version 0.28-a0-43-g560ac104fe (webtiles) character file.

Game seed: 834220119933709130

441 gruber the Slasher (level 6, -8/53 HPs)
             Began as a Minotaur Fighter on July 28, 2021.
             Was an Initiate of Gozag.
             Killed by divine providence
             ... invoked by an orc priest
              (13 damage)
             ... on level 4 of the Dungeon.
             The game lasted 00:02:04 (3551 turns).

gruber the Slasher (Minotaur Fighter)               Turns: 3551, Time: 00:02:05

Health: -8/53      AC:  8    Str: 23    XL:     6   Next: 71%
Magic:  5/5        EV:  7    Int:  5    God:    Gozag
Gold:   280        SH:  9    Dex:  9    Spells: 5/5 levels left

rFire   . . .      SeeInvis .   r - +0 hand axe (vamp)
rCold   . . .      Faith    .   c - +0 kite shield
rNeg    . . .      Spirit   .   b - +0 scale mail
rPois   .          Reflect  .   (helmet restricted)
rElec   .          Harm     .   (no cloak)
rCorr   .          Rampage  .   g - +0 pair of gloves
Will    .....                   (no boots)
Stlth   ..........              (no amulet)
HPRegen 0.17/turn               (no ring)
MPRegen 0.09/turn               (no ring)

@: no status effects
A: horns 2, retaliatory headbutt
a: Renounce Religion, Potion Petition, Call Merchant, Bribe Branch


You were on level 4 of the Dungeon.
You worshipped Gozag.
Gozag was aware of your devotion.
You visited 1 branch of the dungeon, and saw 4 of its levels.

You collected 335 gold pieces.
You paid 55 gold pieces to Gozag.

Inventory:

Hand Weapons
 a - a +0 long sword
 r - a +0 vampiric hand axe (weapon)
Armour
 b - a +0 scale mail (worn)
 c - a +0 kite shield (worn)
 g - a +0 pair of gloves (worn)
Scrolls
 e - 3 scrolls of magic mapping {unknown}
 f - 2 scrolls of enchant armour {unknown}
 h - 6 scrolls of identify {unknown}
 l - 4 scrolls of fear {unknown}
 n - a scroll of amnesia {unknown}
 o - 2 scrolls of vulnerability {unknown}
 q - 4 scrolls of teleportation {unknown}
 s - a scroll of blinking {unknown}
Potions
 d - a potion of might
 i - 2 potions of curing {unknown}
 j - 2 potions of degeneration {unknown}
 k - a potion of haste {unknown}
 m - a potion of heal wounds {unknown}
 p - a potion of magic {unknown}
 t - a potion of attraction {unknown}


   Skills:
 - Level 4.5 Fighting
 - Level 6.4 Long Blades
 + Level 4.9 Axes
 - Level 3.6 Armour
 - Level 3.6 Shields


You had 5 spell levels left.
You didn't know any spells.
Your spell library contained the following spells:

 Spells                   Type           Power      Damage    Failure   Level
 Blink                    Tloc           N/A        N/A       100%        2
 Lesser Beckoning         Tloc           0%         N/A       100%        3
 Manifold Assault         Tloc           0%         N/A       100%        5


Dungeon Overview and Level Annotations

Branches:
Dungeon (4/15)
 Temple: D:4-7

Altars:
Gozag
Okawaru
Trog

Annotations:
D:3 3 runed translucent doors, PeterLawrence's ghost, amateur MiFi; askman's ghost, amateur DsFi; sn0wgr3's ghost, amateur GrFi; zezblit's ghost, weakling PaFi


Innate Abilities, Weirdness & Mutations

You have a pair of horns on your head.
You reflexively headbutt those who attack you in melee.


Message History

An orc comes into view. It is wielding a +0 club.
You hit the orc warrior but do no damage.
You headbutt the orc warrior.
The orc warrior is lightly wounded.
You block the orc warrior's attack.
You barely miss the orc warrior.
The orc warrior is lightly wounded.
The orc warrior hits you with a +0 battleaxe.
You hit the orc warrior.
You feel better.
You headbutt the orc warrior, but do no damage.
The orc warrior is moderately wounded.
The orc warrior hits you with a +0 battleaxe.
The orc priest mumbles some strange prayers to Beogh against you.
Beogh smites you! You block the orc warrior's attack.
You barely miss the orc warrior.
The orc warrior is moderately wounded.
The orc warrior hits you with a +0 battleaxe!
You are too injured to fight recklessly!
Unknown command.
You are too injured to fight recklessly!
Unknown command.
You are too injured to fight recklessly!
Your shield and scale mail prevent you from hitting the orc warrior.
The orc warrior is moderately wounded.
The orc warrior hits you with a +0 battleaxe!
* * * LOW HITPOINT WARNING * * *
You barely miss the orc warrior.
The orc warrior is moderately wounded.
The orc warrior closely misses you. You furiously retaliate!
You headbutt the orc warrior.
The orc warrior hits you with a +0 battleaxe!
* * * LOW HITPOINT WARNING * * *
You slash the orc warrior!
The orc warrior is severely wounded.
The orc priest casts a cantrip, but nothing happens.
The orc warrior closely misses you.
The orc priest mumbles some strange prayers to Beogh against you.
Beogh smites you!
You die...
Your body crumbles into a pile of gold.

### ..# #.#
##########o#
........##o#
..#######.##o#
..'.......##o#
..######..##@#
######### #..##.#
#.......###..##.##
#.#..............#
#.#.......#..##..#
#.#...#.#........#
##.#.#.#.#........#
..................####
.#.#...#.............#


You could see an orc warrior, an orc priest and 2 orcs.

Vanquished Creatures
  A necrophage (D:4)
  A bullfrog (D:3)
  A hound (D:4)
  An orc priest (D:4)
  3 iguanas (D:4)
  An orc wizard (D:3)
  3 adders
  3 worms (D:2)
  4 dart slugs
  11 orcs
  5 bats (D:1)
  2 endoplasms
  2 giant cockroaches
  2 hobgoblins (D:1)
  5 jackals
  4 kobolds
  3 quokkas
  3 ball pythons
  3 frilled lizards
  9 goblins
  3 rats
70 creatures vanquished.

Vanquished Creatures (others)
  An orc wizard (D:3)
  2 withered plants (D:3)
3 creatures vanquished.

Grand Total: 73 creatures vanquished

Notes
Turn   | Place    | Note
-------+----------+-------------------------------------------
     0 | D:1      | gruber the Minotaur Fighter began the quest for the Orb.
     0 | D:1      | Reached XP level 1. HP: 19/19 MP: 0/0
   201 | D:1      | Reached skill level 3 in Long Blades
   468 | D:1      | Reached XP level 2. HP: 26/26 MP: 1/1
   647 | D:1      | Reached skill level 4 in Long Blades
   801 | D:1      | Reached XP level 3. HP: 30/31 MP: 2/2
  1113 | D:2      | Found a faded altar of an unknown god.
  1470 | D:2      | Reached skill level 5 in Long Blades
  1883 | D:3      | Found a runed translucent gate.
  1883 | D:3      | Found a runed translucent gate.
  1883 | D:3      | Found a runed translucent gate.
  1884 | D:3      | Noticed askman's ghost (amateur DsFi)
  1885 | D:3      | Noticed zezblit's ghost (weakling PaFi)
  1885 | D:3      | Noticed PeterLawrence's ghost (amateur MiFi)
  1885 | D:3      | Noticed sn0wgr3's ghost (amateur GrFi)
  1893 | D:3      | Found an iron altar of Okawaru.
  1902 | D:3      | Reached XP level 4. HP: 39/39 MP: 3/3
  2344 | D:3      | Noticed a bullfrog
  2351 | D:3      | Killed a bullfrog
  2352 | D:3      | Reached skill level 6 in Long Blades
  2352 | D:3      | Reached XP level 5. HP: 37/45 MP: 4/4
  2559 | D:3      | Found an opulent altar of Gozag.
  2570 | D:3      | Became a worshipper of Gozag Ym Sagoz the Greedy
  2995 | D:4      | Reached skill level 1 in Axes
  3217 | D:4      | Noticed a necrophage
  3221 | D:4      | Reached XP level 6. HP: 51/53 MP: 5/5
  3440 | D:4      | Found a bloodstained altar of Trog.
  3541 | D:4      | Noticed an orc warrior
  3551 | D:4      | Killed from afar by an orc priest

Illustrated notes

Levels and vault maps discovered:
D:1:      matt_arrival_refuge, layout_basic, eino_curves_03,
          kennysheep_nondescript, minmay_pentomino_u4
D:2:      layout_basic, hellmonk_ecumenical_altar_blasted
D:3:      layout_loops_corners, grunt_gozag_breadcrumbs, okawaru_gym_becter,
          gammafunk_ghost_cemetery
D:4:      layout_basic, mainiacjoe_overflow_tiny_flanked

Skill      XL: |  1  2  3  4  5  6 |
---------------+-------------------+-----
Long Blades    | 3 4 5 6 |  6.4
Fighting       | 4 |  4.5
Axes           | 2 4 |  4.9
Armour         | |  3.6
Shields        | |  3.6

Action                   |  1- 3 |  4- 6 || total
-------------------------+-------+-------++-------
Melee: Long sword        |    92 |    42 ||   134
       Headbutt          |    16 |    16 ||    32
       Hand axe          |       |    60 ||    60
 Stab: Distracted        |       |     1 ||     1
Armor: Scale mail        |    57 |    32 ||    89
Dodge: Dodged            |    42 |    28 ||    70
Block: Kite shield       |    45 |    42 ||    87
       Rpst.: Long sword |    10 |     5 ||    15

Table legend: (Time is in decaauts)
 A = Elapsed time spent in this place.
 B = Non-inter-level travel time spent in this place.
 C = Inter-level travel time spent in this place.
 D = Time resting spent in this place.
 E = Time spent auto-exploring this place.
 F = Levels seen in this place.
 G = Mean time per level.
                   A        B        C        D        E       F      G
               +--------+--------+--------+--------+--------+-----+--------+
         Total |   3624 |   3576 |     48 |      0 |   3059 |   4 |  906.0 |
       Dungeon |   3624 |   3576 |     48 |      0 |   3059 |   4 |  906.0 |
               +--------+--------+--------+--------+--------+-----+--------+

Top non-repeatable levels by time:
     D:3: 1070 daAuts
     D:1: 972 daAuts
     D:2: 876 daAuts
     D:4: 704 daAuts
